 Dungeon Crawl Stone Soup version 0.32-a0-818-gb728d0252e (webtiles) character file.

Game seed: 12325105387270686573

34 cforsyth the Digger (level 3, 0/15 (19) HPs)
             Began as a Deep Elf Earth Elementalist on Mar 24, 2024.
             Slain by a kobold
             ... wielding a +2 whip of draining
              (6 damage)
             ... on level 2 of the Dungeon.
             The game lasted 00:03:24 (1148 turns).

cforsyth the Digger (Deep Elf Earth Elementalist)   Turns: 1148, Time: 00:03:25

HP:   0/15 (19)     AC:  2    Str:  7    XL:     3   Next: 14%
MP:   6/10          EV: 12    Int: 19    God:
Gold: 99            SH:  0    Dex: 15    Spells: 8/9 levels left

rFire   . . .        (no weapon)
rCold   . . .        (no shield)
rNeg    . . .        a - +0 robe
rPois   .            (no helmet)
rElec   .            (no cloak)
rCorr   .            (no gloves)
SInv    .            (no boots)
Will    .....        (no amulet)
Stlth   ++           (no ring)
HPRegen 0.22/turn    (no ring)
MPRegen 0.12/turn

%: no passive effects
@: heavily drained
A: no striking features
a: no special abilities


You were on level 2 of the Dungeon.
You visited 1 branch of the dungeon, and saw 2 of its levels.

You collected 99 gold pieces.


   Skills:
 + Level 2.9 Dodging
 + Level 3.0 Stealth
 + Level 3.5 Spellcasting
 + Level 1.7 Conjurations
 + Level 3.6 Earth Magic


You had 8 spell levels left.
You knew the following spells:

 Your Spells              Type           Power      Damage    Failure   Level
z - Sandblast             Erth           34%        2d9       3%          1

Your spell library contained the following spells:

 Spells                   Type           Power      Damage    Failure   Level
 Passwall                 Erth           17%        N/A       10%         3
 Stone Arrow              Conj/Erth      26%        3d8       14%         3
 Brom's Barrelling Bould  Conj/Erth      13%        2d4       43%         4
 Petrify                  Alch/Erth      10%        N/A       56%         4
 Animate Dead             Necr           3%         N/A       82%         4
 Haunt                    Necr/Summ      1%         N/A       100%        7
 Infestation              Necr           1%         N/A       100%        8

Inventory:

Armour
 a - a +0 robe (worn)
 e - a +0 pair of boots
Scrolls
 d - a scroll of noise {unknown}
 f - 3 scrolls of immolation {unknown}
 h - 2 scrolls of identify {unknown}
Potions
 b - 2 potions of magic
 c - 2 potions of degeneration {unknown}
 g - a potion of curing {unknown}
 i - 2 potions of cancellation {unknown}
 j - a potion of heal wounds {unknown}

Dungeon Overview and Level Annotations

Branches:
Dungeon (2/15)

Altars:
Cheibriados

#......... ##.
#......... ##
.......
####....#######
#......[.......
##.##....##
#####...###...#####
...(...!..........#
#####..@###...###.#
##K## ##.## #.# #.
#.# #.###### #. #.#
#....... #. #.#
#####..# .. #.#
##.# ## ▒▒ ▒.# ▒.#
▒.#


You could see a kobold.


Message History

A kobold comes into view. It is wielding a +2 whip of draining.
You see here a fizzy puce potion.
A kobold is nearby!
A kobold is nearby!
The blast of sand misses the kobold.
The kobold hits you with a +2 whip of draining.
You feel drained.
The blast of sand hits the kobold.
The kobold is moderately wounded.
The kobold hits you with a +2 whip of draining.
You feel drained. The kobold misses you.
The blast of sand misses the kobold.
The kobold hits you with a +2 whip of draining.
* * * LOW HITPOINT WARNING * * *
You feel drained.
* * * LOW HITPOINT WARNING * * *
A kobold is nearby!
A kobold is nearby!
You are too injured to fight recklessly!
You are too injured to fight recklessly!
You are too injured to fight recklessly!
You are too injured to fight recklessly!
Casting: Sandblast (safe; 3% risk of failure)
Confirm with . or Enter, or press ? or * to list all spells.
Aiming: Sandblast (safe; 3% risk of failure)
Press: ? - help, Shift-Dir - straight line, f/p - kobold
Aim: a kobold, wielding a +2 whip of draining (moderately wounded, 77% to hit)
The blast of sand misses the kobold.
The kobold closely misses you.
The kobold hits you with a +2 whip of draining.
You die...

Skill      XL: |  1  2 |
---------------+-------+-----
Stealth        | 3 |  3.0
Dodging        | |  2.9
Spellcasting   | |  3.5
Conjurations   | |  1.7
Earth Magic    | |  3.6

Action                     || total
---------------------------++-------
   Cast: Sandblast         ||    38
 Armour: Robe              ||    15
  Dodge: Dodged            ||    10

Levels and vault maps discovered:
D:1:      beargit_arrival_diablo_church, layout_basic, minmay_pentomino_w4
D:2:      layout_loops_ring, serial_shops, shop, basic_altar, kennysheep_path_1

Notes
Turn   | Place    | Note
-------+----------+-------------------------------------------
     0 | D:1      | cforsyth the Deep Elf Earth Elementalist began the quest
                  | for the Orb.
     0 | D:1      | Reached XP level 1. HP: 10/10 MP: 6/6
   312 | D:1      | Reached XP level 2. HP: 13/15 MP: 1/8
  1050 | D:2      | Found a snail-covered altar of Cheibriados.
  1093 | D:2      | Reached skill level 3 in Stealth
  1093 | D:2      | Reached XP level 3. HP: 19/19 MP: 7/10
  1148 | D:2      | Slain by a kobold

Vanquished Creatures
  An adder (D:2)
  A dart slug (D:1)
  3 endoplasms
  2 goblins (D:1)
  3 hobgoblins
  A kobold (D:1)
  A quokka (D:1)
  A ball python (D:1)
  3 bats (D:1)
  3 frilled lizards (D:1)
  4 rats (D:1)
23 creatures vanquished.

Table legend: (Time is in decaauts)
 A = Elapsed time spent in this place.
 B = Non-inter-level travel time spent in this place.
 C = Inter-level travel time spent in this place.
 D = Time resting spent in this place.
 E = Time spent auto-exploring this place.
 F = Levels seen in this place.
 G = Mean time per level.
                   A        B        C        D        E       F      G
               +--------+--------+--------+--------+--------+-----+--------+
         Total |   1166 |   1091 |     75 |     11 |    911 |   2 |  583.0 |
       Dungeon |   1166 |   1091 |     75 |     11 |    911 |   2 |  583.0 |
               +--------+--------+--------+--------+--------+-----+--------+

Top non-repeatable levels by time:
     D:1: 985 daAuts
     D:2: 181 daAuts

Table legend:
 A = Non-vault XP
 B = Vault XP
 C = Vault XP percentage of total XP
 D = Non-vault monster count
 E = Vault monster count
 F = Vault count percentage of total count
                 A         B        C        D         E       F
            +---------+---------+-------+---------+---------+-------
      Total |      37 |      12 |  24.5 |      18 |       5 |  21.7
            +---------+---------+-------+---------+---------+-------
        D:1 |      18 |      12 |  40.0 |      14 |       5 |  26.3
        D:2 |      19 |       0 |   0.0 |       4 |       0 |   0.0
            +---------+---------+-------+---------+---------+-------
